AoeStats
← a.l.a.n.t

Arena

505076448Analyzed
2v2 RM · 24d ago on Sep 7, 2026· 31m 32s· 4 players
Game mode
Random Map
Map size
Medium (4 player)
Population
200
Speed
Normal
Resources
Standard
Victory
Conquest
Starting age
Dark Age
Ending age
Imperial Age
RankedLock teamsTeams togetherTeam positionsShared explorationLock speedFull tech treeHidden civsTurbo modeCheats
Victory
Defeat
🇬🇧 Slavs · United Kingdom
1289
+15
🇮🇶 Ethiopians · Iraq
1177
+19
🇩🇪 Romans · Germany
1261
-17
🇩🇪 Cumans · Germany
1259
-17
a.l.a.n.t
10:13 Feudal Age
12:08 Forging
11:49 Man-at-Arms
12:31 Scale Mail Armor
12:29 Double-Bit Axe
18:36 Horse Collar
21:04 Wheelbarrow
25:10 Castle Age
25:16 Long Swordsman
25:57 Squires
26:16 Chain Mail Armor
26:49 Iron Casting
27:42 Bow Saw
aryaszahir958
9:15 Feudal Age
9:15 Loom
9:46 Double-Bit Axe
9:43 Horse Collar
17:10 Castle Age
23:20 Scale Mail Armor
23:44 Crossbowman
25:10 Fletching
25:21 Padded Archer Armor
27:29 Gold Mining
N1co119
9:58 Feudal Age
10:30 Double-Bit Axe
10:26 Horse Collar
20:28 Wheelbarrow
23:23 Castle Age
21:54 Fletching
22:24 Loom
24:24 Bodkin Arrow
27:41 Stone Mining
28:04 Bow Saw
Tellox
7:39 Loom
10:22 Feudal Age
12:42 Double-Bit Axe
12:21 Man-at-Arms
13:10 Scale Mail Armor
16:01 Forging
18:40 Horse Collar
27:07 Castle Age
29:13 Heavy Plow
29:26 Bow Saw
29:32 Padded Archer Armor
29:23 Fletching
Connection lost

Rejoining the realm…

Still unreachable

The connection could not be restored.

Session expired

The server has moved on; the page needs a fresh start.